 Dungeon Crawl Stone Soup version 0.17.0-28-g6e173f8 (webtiles) character file.

186 sugabear the Cudgeler (level 5, -1/32 HPs)
             Began as a Gargoyle Gladiator on Dec 4, 2015.
             Killed from afar by an orc wizard (2 damage)
             ... with a puff of flame
             ... on level 4 of the Dungeon.
             The game lasted 00:04:09 (2370 turns).

sugabear the Cudgeler (Gargoyle Gladiator)          Turns: 2370, Time: 00:04:09

Health: -1/32      AC:  8    Str: 19    XL:     5   Next: 66%
Magic:  5/5        EV: 13    Int:  8    God:
Gold:   63         SH:  0    Dex: 11    Spells: 0 memorised, 4 levels left

rFire  . . .     SeeInvis .     a - +0 flail
rCold  . . .     Clarity  .     b - +0 leather armour
rNeg   + . .     SustAt   .     (no shield)
rPois  ∞         Gourm    .     c - +0 helmet
rElec  +         Spirit   .     (no cloak)
rCorr  .         Warding  .     (no gloves)
rMut   .         Stasis   .     (no boots)
MR     .....                    (no amulet)
Stlth  +.........               (no ring)
                                (no ring)

@: not resistant to hostile enchantments, very unstealthy
A: negative energy resistance 1, electricity resistance, unbreathing,
petrification resistance, rot immunity, AC +4
a: no special abilities


You were on level 4 of the Dungeon.
You were very hungry.

You visited 1 branch of the dungeon, and saw 4 of its levels.

You collected 63 gold pieces.

Inventory:

Hand Weapons
 a - a +0 flail (weapon)
 k - a +2 whip of flaming
Missiles
 d - 3 throwing nets (quivered)
Armour
 b - a +0 leather armour (worn)
 c - a +0 helmet (worn)
Scrolls
 f - a scroll of identify {unknown}
 i - 3 scrolls of magic mapping {unknown}
 j - 2 scrolls of remove curse {unknown}
Potions
 g - 2 potions of curing {unknown}
 h - a potion of might {unknown}
 l - a potion of heal wounds {unknown}
Comestibles
 e - 2 bread rations


   Skills:
 + Level 2.9 Fighting
 + Level 3.8 Maces & Flails
 + Level 1.8 Throwing
 + Level 2.1 Armour
 + Level 3.7 Dodging
 + Level 1.2 Stealth


You had 4 spell levels left.
You didn't know any spells.

Dungeon Overview and Level Annotations

Branches:
Dungeon (4/15)
 Temple: D:4-7

Altars:


Innate Abilities, Weirdness & Mutations

You are resistant to torment.
Your stone body is resilient (AC +4).
You are immune to poison.
You resist negative energy.
You are resistant to electric shocks.
You can survive without breathing.
You are immune to petrification.
You are immune to rotting.


Message History

The jackal bites you but does no damage.
The adder skeleton barely misses you. The jackal barely misses you.
The orc hits you with a short sword.
* * * LOW HITPOINT WARNING * * *
The orc hits you but does no damage. Something hits you but does no damage.
You barely miss something.
The jackal bites you but does no damage. x2
The adder skeleton completely misses you.
The orc closely misses you. The jackal closely misses you.
Something hits you but does no damage.
The jackal bites you but does no damage.
The orc hits you with a hand axe.
* * * LOW HITPOINT WARNING * * *
You barely miss something. The jackal misses you.
The adder skeleton barely misses you. The jackal misses you.
The orc closely misses you.
You hear some strange, mumbled words.
A puff of flame appears from out of thin air!
The puff of flame hits you!
You die...

.... ....
.....
..>..
......
####......
#.hh....#
#)@o#
#Z{o#
#...#
#....
......
.......#
........
.......###


You could see 2 orcs, 2 jackals and an adder skeleton.

Vanquished Creatures
  Crazy Yiuf (D:2)
  An orc wizard (D:4)
  A worker ant (D:4)
  5 adders
  An ooze (D:1)
  A worm (D:2)
  2 giant geckos
  An orc (D:4)
  7 bats
  5 giant cockroaches
  6 hobgoblins
  3 jackals (D:2)
  2 quokkas (D:2)
  3 ball pythons
  3 giant newts (D:2)
  4 goblins
  3 kobolds (D:2)
  3 rats
52 creatures vanquished.

Notes
Turn   | Place    | Note
--------------------------------------------------------------
     0 | D:1      | sugabear the Gargoyle Gladiator began the quest for the Orb.
     0 | D:1      | Reached XP level 1. HP: 12/12 MP: 1/1
   268 | D:1      | Reached XP level 2. HP: 12/17 MP: 2/2
   754 | D:2      | Reached skill level 1 in Armour
   754 | D:2      | Reached XP level 3. HP: 3/22 MP: 3/3
  1338 | D:2      | Reached XP level 4. HP: 18/27 MP: 4/4
  1698 | D:2      | Noticed Crazy Yiuf
  1715 | D:2      | Killed Crazy Yiuf
  1838 | D:2      | Reached skill level 1 in Stealth
  2050 | D:2      | Reached XP level 5. HP: 19/31 MP: 5/5
  2369 | D:4      | HP: 1/32 [orc/hand axe (3)]
  2370 | D:4      | Killed from afar by an orc wizard

Action                   |  1- 3 |  4- 6 || total
-------------------------+-------+-------++-------
Melee: Flail             |   151 |    97 ||   248
 Stab: Sleeping          |     1 |       ||     1
  Eat: Chunk             |     2 |     2 ||     4
